Map: Abyssal Reef LE

Players

Maplez - Winner!

  • Race: Protoss Protoss
  • League: Grandmaster
  • Spawn Location: 11:00

FireZerg

  • Race: Zerg Zerg
  • League: Grandmaster
  • Spawn Location: 5:00

VOD

Have the link to the VOD?

Description

Time

  • Played on: Aug. 21, 2017, 6:15 p.m.
  • Length: 15:24
Show
View Real Time Build Order
Export as new Build Order

Maplez Protoss - Winner!

Build Orders: 1 Gate Expand, Oracle Opening, Phoenix Opening, Zealot Archon 

Get SALT Encoding   

  12  0:01  Probe (Chrono Boost)  
  13  0:11  Probe (Chrono Boost)  
  14  0:19  Pylon  
  14  0:22  Probe (Chrono Boost)  
  15  0:37  Probe (Chrono Boost)  
  15  0:39  Gateway  
  16  0:47  Probe (Chrono Boost)  
  17  0:51  Assimilator  
  17  0:59  Probe (Chrono Boost)  
  18  1:09  Probe (Chrono Boost)  
  19  1:20  Probe (Chrono Boost)  
  20  1:27  Nexus  
  20  1:36  Cybernetics Core  
  20  1:39  Probe (Chrono Boost)  
  21  1:46  Assimilator  
  21  1:50  Probe (Chrono Boost)  
  22  1:54  Pylon  
  22  2:00  Probe (Chrono Boost)  
  23  2:13  Probe (Chrono Boost)  
  23  2:14  Adept (Chrono Boost), Warp Gate  
  26  2:25  Probe  
  27  2:33  Stargate  
  27  2:37  Probe  
  28  2:38  Adept (Chrono Boost), Probe  
  31  2:49  Probe x2  
  33  2:59  Pylon  
  33  3:00  Probe (Chrono Boost)  
  33  3:01  Probe (Chrono Boost)  
  35  3:11  Probe (Chrono Boost)  
  35  3:12  Probe (Chrono Boost)  
  37  3:17  Oracle (Chrono Boost)  
  40  3:20  Probe  
  40  3:23  Probe  
  40  3:25  Gateway  
  42  3:31  Probe, Gateway  
  43  3:34  Adept  
  43  3:36  Probe  
  43  3:40  Mothership Core  
  46  3:47  Pylon  
  46  3:48  Probe  
  49  3:52  Phoenix (Chrono Boost)  
  51  4:00  Probe x2  
  53  4:12  Probe  
  53  4:13  Nexus  
  53  4:15  Probe  
  55  4:17  Pylon  
  55  4:22  Oracle (Chrono Boost)  
  58  4:27  Assimilator  
  58  4:29  Assimilator  
  58  4:31  Probe  
  58  4:32  Probe  
  60  4:41  Probe  
  60  4:44  Probe  
  62  4:48  Pylon  
  62  4:52  Probe  
  62  4:56  Probe  
  62  4:58  Twilight Council, Forge  
  64  5:02  Probe  
  65  5:08  Probe  
  65  5:13  Probe  
  66  5:15  Robotics Facility, Pylon  
  66  5:20  Probe  
  68  5:22  Protoss Ground Weapons Level 1 (Chrono Boost)  
  68  5:24  Probe  
  68  5:25  Probe  
  70  5:29  Gateway  
  70  5:30  Gateway  
  70  5:31  Charge (Chrono Boost)  
  70  5:32  Probe  
  70  5:34  Probe  
  71  5:38  Probe  
  73  5:44  Probe  
  73  5:45  Templar Archives, Probe  
  73  5:48  Pylon  
  75  5:51  Probe  
  75  5:55  Probe  
  75  5:56  Probe  
  75  5:57  Sentry, Assimilator  
  78  6:00  Assimilator  
  78  6:03  Probe  
  78  6:04  Warp Prism (Chrono Boost)  
  81  6:06  Probe  
  81  6:08  Probe  
  81  6:11  Pylon  
  85  6:15  Probe  
  85  6:16  Probe  
  85  6:18  Pylon  
  87  6:23  Probe  
  87  6:30  Zealot  
  87  6:31  Zealot x4  
  97  6:35  Gateway  
  97  6:36  Gateway  
  97  6:41  Psionic Storm  
  97  6:43  Immortal (Chrono Boost), Photon Cannon  
  97  6:44  Pylon  
  101  6:57  Pylon  
  101  6:59  Gateway  
  101  7:02  Gateway  
  101  7:04  High Templar x3  
  101  7:05  High Templar x2  
  111  7:10  Gateway  
  111  7:11  Gateway  
  111  7:14  Archon x2  
  111  7:22  Immortal  
  98  7:38  Zealot x4, Protoss Ground Weapons Level 2  
  106  7:44  Zealot  
  106  7:49  Gateway  
  106  7:50  Gateway  
  106  8:00  Zealot x5  
  106  8:01  Immortal (Chrono Boost)  
  106  8:02  Stalker x2  
  124  8:10  Probe  
  124  8:12  Probe  
  126  8:17  High Templar x2  
  130  8:21  Nexus  
  130  8:23  Assimilator  
  130  8:27  Assimilator  
  130  8:29  Probe, Pylon  
  130  8:31  Pylon  
  130  8:32  Robotics Facility  
  131  8:35  Pylon  
  131  8:41  Photon Cannon  
  131  8:43  Photon Cannon  
  131  8:44  Photon Cannon  
  131  8:46  Pylon  
  131  8:50  High Templar x6  
  143  8:56  Archon  
  143  8:57  Archon  
  143  8:59  Immortal (Chrono Boost)  
  147  9:03  Photon Cannon  
  147  9:06  Photon Cannon  
  147  9:11  Pylon  
  147  9:17  Photon Cannon x2  
  147  9:19  Zealot x3  
  153  9:31  Pylon  
  153  9:37  Protoss Ground Weapons Level 3  
  157  9:40  Immortal (Chrono Boost), Fleet Beacon  
  155  9:47  Probe x2  
  155  9:49  High Templar  
  155  9:51  Zealot, Photon Cannon  
  157  9:54  Photon Cannon  
  157  10:06  Sentry x3  
  163  10:12  Oracle (Chrono Boost)  
  166  10:17  Immortal (Chrono Boost), Observer (Chrono Boost)  
  166  10:19  Pylon  
  169  10:34  Zealot x5  
  169  10:35  Zealot x4  
  187  10:50  Zealot x4  
  183  11:10  High Templar x4  
  185  11:17  Nexus  
  171  11:18  Zealot x3  
  171  11:19  Zealot x2  
  171  11:23  Pylon  
  157  11:40  Zealot x2  
  157  11:41  Zealot x6  
  169  11:56  Immortal x2 (Chrono Boost)  
  163  12:02  High Templar x5  
  163  12:03  High Templar x2  
  169  12:10  Pylon  
  169  12:11  Archon x3  
  169  12:14  High Templar  
  171  12:20  Archon  
  171  12:23  Zealot  
  171  12:27  Zealot x2  
  181  12:30  Immortal (Chrono Boost)  
  181  12:43  Zealot x8  
  197  12:55  Protoss Ground Armor Level 1  
  195  13:11  Stargate  
  183  13:14  Stargate  
  181  13:20  Pylon  
  181  13:27  Photon Cannon  
  181  13:28  Photon Cannon  
  181  13:30  Photon Cannon  
  181  13:33  Photon Cannon  
  179  13:49  Zealot x9  
  186  14:22  Zealot x8  
  186  14:23  Zealot x2  
  200  14:30  Zealot x7  
  200  14:41  Stargate  
  200  14:42  Stargate  
Show
View Real Time Build Order
Export as new Build Order

FireZerg Zerg 

Build Orders: Hatch First, Lurkers 

Get SALT Encoding   

  12  0:00  Drone  
  13  0:11  Drone  
  14  0:34  Hatchery  
  13  0:36  Drone  
  14  0:44  Overlord  
  14  0:51  Extractor, Drone  
  15  1:03  Drone x2  
  17  1:05  Extractor  
  17  1:09  Drone  
  17  1:18  Spawning Pool  
  17  1:23  Drone  
  17  1:32  Drone  
  18  1:41  Drone  
  19  1:47  Drone  
  19  1:52  Overlord  
  20  2:05  Queen x2  
  20  2:07  Metabolic Boost  
  24  2:11  Drone  
  24  2:14  Drone  
  26  2:17  Zergling x2  
  26  2:20  Zergling x2  
  28  2:23  Drone  
  28  2:26  Drone  
  30  2:36  Overlord  
  30  2:42  Pneumatized Carapace  
  30  2:46  Queen  
  30  2:50  Drone  
  30  2:51  Drone  
  34  2:53  Drone  
  34  2:56  Drone  
  36  3:01  Overlord  
  36  3:14  Spore Crawler  
  36  3:18  Drone  
  36  3:19  Drone  
  38  3:20  Zergling x4  
  38  3:22  Drone x5  
  45  3:41  Spore Crawler  
  45  3:43  Spore Crawler  
  43  3:49  Drone, Overlord  
  43  3:50  Drone x2  
  43  3:51  Drone x6  
  52  4:01  Hatchery  
  51  4:06  Lair  
  51  4:12  Drone x4  
  55  4:27  Zergling x2  
  55  4:28  Zergling x8  
  60  4:39  Extractor  
  60  4:40  Extractor  
  60  4:41  Extractor  
  57  4:46  Overlord x6  
  57  5:03  Queen  
  59  5:08  Drone x3  
  59  5:11  Hydralisk Den, Drone  
  62  5:15  Drone x2  
  62  5:16  Drone x2  
  62  5:17  Spore Crawler  
  67  5:28  Drone x4  
  67  5:30  Zergling x8  
  73  5:40  Hydralisk x3  
  79  5:45  Hydralisk x4  
  86  5:55  Drone  
  87  5:57  Hydralisk x4  
  95  6:04  Hydralisk, Overlord  
  95  6:05  Hydralisk  
  99  6:11  Hydralisk x2  
  99  6:16  Hydralisk  
  104  6:26  Evolution Chamber  
  104  6:29  Overlord x3  
  104  6:31  Nydus Network  
  102  6:40  Hydralisk x3  
  102  6:42  Zergling x6  
  102  6:43  Zergling x4  
  113  6:59  Hydralisk x2  
  113  7:00  Zergling x6  
  113  7:01  Zergling x8  
  124  7:28  Nydus Canal  
  124  7:35  Hydralisk x6  
  120  7:43  Drone x9  
  115  7:51  Zerg Missile Weapons Level 1  
  109  8:09  Extractor, Lurker Den  
  109  8:10  Extractor  
  107  8:13  Hatchery, Hydralisk  
  107  8:14  Hydralisk x3  
  114  8:35  Hatchery  
  114  8:38  Overlord x3  
  113  8:43  Drone x11  
  113  8:44  Drone x2  
  126  9:05  Overlord  
  126  9:06  Hydralisk, Overlord x2  
  126  9:07  Hydralisk x7  
  142  9:35  Lurker x4  
  142  9:36  Lurker x3  
  147  9:44  Drone x3  
  145  9:45  Drone x2  
  145  9:46  Drone x2  
  145  9:50  Drone  
  145  9:51  Hydralisk x5, Drone x3  
  145  9:52  Extractor  
  162  9:53  Zergling x12  
  162  9:54  Extractor  
  167  10:01  Overseer x3  
  167  10:09  Spine Crawler  
  155  10:16  Hydralisk x5  
  155  10:18  Zergling x14  
  167  10:42  Hydralisk x8  
  160  10:44  Zergling x18  
  169  11:00  Hydralisk  
  169  11:01  Hydralisk x7  
  178  11:10  Hydralisk Den  
  162  11:32  Zergling x22  
  135  11:33  Zergling x14  
  135  11:38  Hydralisk  
  122  11:44  Hydralisk x4  
  128  11:49  Hydralisk  
  128  11:51  Muscular Augments  
  127  11:58  Zergling x6  
  127  12:01  Drone  
  124  12:15  Zerg Missile Weapons Level 2  
  124  12:18  Drone x3  
  124  12:21  Hydralisk  
  124  12:22  Hydralisk x6  
  141  12:40  Overlord x2  
  141  12:48  Drone x5  
  145  12:54  Infestation Pit, Drone  
  145  13:01  Lurker Den  
  142  13:09  Hydralisk x2  
  142  13:10  Hydralisk x4  
  153  13:23  Overlord  
  153  13:28  Drone  
  153  13:29  Spire  
  153  13:30  Hive  
  150  13:41  Hydralisk  
  150  13:42  Hydralisk x4  
  132  13:56  Hydralisk x3  
  128  14:37  Lurker x10  
  134  14:39  Hydralisk  
  134  14:42  Zergling x8  
  140  14:46  Overseer  
Tags
 
Add a new tag
Caveats
  • Supply blocks, unpowered buildings, or Contaminate may cause inaccurate times.
  • Supply counts are checked every 10 seconds.